AoeStats
← I'm AOE2 Noob

Nomad

505426704Analyzed
4v4 RM · 23d ago on Sep 9, 2026· 77m 55s· 8 players
Game mode
Random Map
Map size
231×231
Population
200
Speed
Normal
Resources
Standard
Victory
Conquest
Starting age
Dark Age
Ending age
Imperial Age
RankedLock teamsTeams togetherTeam positionsShared explorationLock speedFull tech treeHidden civsTurbo modeCheats
Victory
Defeat
🇨🇳 Vietnamese · China
1653
+15
🇹🇷 Spanish · Türkiye
1653
+15
🇫🇷 Celts · France
1546
+19
🇨🇱 Italians · Chile
1546
+19
🇨🇳 Wu · China
1715
-20
🇨🇳 Spanish · China
1623
-17
🇨🇳 Bengalis · China
1585
-16
🇨🇳 Persians · China
1577
-15
裂车长
10:47 Loom
12:59 Feudal Age
14:26 Double-Bit Axe
17:22 Castle Age
16:04 Fishing Lines
16:46 Stone Mining
18:00 Town Watch
24:10 Wheelbarrow
23:59 Bow Saw
26:13 Medium Warships
26:33 Horse Collar
27:26 Husbandry
29:02 Gold Mining
30:59 Fletching
31:25 Bloodlines
31:55 Hand Cart
33:08 Bodkin Arrow
39:06 Imperial Age
38:22 Stone Shaft Mining
56:28 Padded Archer Armor
56:47 Scale Barding Armor
56:52 Forging
56:50 Onager
58:50 Chemistry
58:43 Conscription
58:27 Kamandaran
59:00 Cavalier
60:03 Chain Barding Armor
60:18 Iron Casting
60:04 Chain Barding Armor
60:19 Iron Casting
60:04 Chain Barding Armor
67:18 Light Cavalry
69:59 Plate Barding Armor
70:33 Blast Furnace
71:34 Crossbowman
72:22 Thumb Ring
I'm AOE2 Noob
5:08 Loom
14:32 Feudal Age
18:11 Castle Age
16:48 Double-Bit Axe
37:15 Horse Collar
39:06 Wheelbarrow
38:55 Town Watch
39:20 Stone Mining
39:26 Gold Mining
43:42 Imperial Age
44:30 Padded Archer Armor
44:31 Husbandry
44:41 Bloodlines
45:57 Leather Archer Armor
46:51 Conscription
46:43 Elite Conquistador
50:00 Ring Archer Armor
49:11 Light Cavalry
49:12 Cavalier
50:34 Scale Barding Armor
50:40 Forging
50:42 Cavalier
52:49 Chain Barding Armor
53:04 Iron Casting
54:10 Plate Barding Armor
54:11 Iron Casting
55:08 Hoardings
55:40 Chemistry
54:47 Fletching
55:12 Masonry
55:10 Sappers
56:04 Supremacy
55:51 Fletching
55:48 Sappers
56:59 Bodkin Arrow
57:16 Bow Saw
57:54 Bracer
58:27 Architecture
62:38 Bombard Tower
63:13 Ballistics
64:10 Iron Casting
65:43 Hand Cart
75:51 Heavy Plow
慕华花繁
12:23 Loom
14:36 Feudal Age
18:35 Castle Age
16:39 Fishing Lines
17:12 Double-Bit Axe
17:40 Gold Mining
17:40 Stone Mining
17:57 Stone Mining
19:04 Town Watch
21:17 Bow Saw
21:21 Gillnets
22:47 Medium Warships
24:28 Wheelbarrow
24:13 Horse Collar
25:03 Fletching
30:06 Hand Cart
31:48 Bodkin Arrow
31:54 Red Cliffs Tactics
35:08 Imperial Age
33:36 Heavy Plow
34:44 Squires
34:29 Arson
34:46 Scale Mail Armor
34:58 Forging
35:54 Chain Mail Armor
36:17 Iron Casting
35:55 Sitting Tiger
36:18 Guilds
37:05 Plate Mail Armor
37:52 Two-Man Saw
38:04 Blast Furnace
37:04 Bracer
37:10 Bracer
39:31 Chemistry
39:45 Conscription
43:43 Ballistics
43:26 Padded Archer Armor
44:22 Leather Archer Armor
44:03 Elite Skirmisher
44:44 Pikeman
45:48 Halberdier
57:31 Scale Barding Armor
57:55 Light Cavalry
58:45 Bloodlines
58:36 Husbandry
58:57 Chain Barding Armor
59:00 Hussar
60:41 Plate Barding Armor
Izumi Yuki
5:30 Loom
13:54 Feudal Age
18:49 Castle Age
21:40 Fletching
25:16 Wheelbarrow
28:20 Double-Bit Axe
30:39 Bow Saw
31:02 Horse Collar
32:54 Gold Mining
34:27 Heavy Plow
35:20 Bodkin Arrow
38:38 Imperial Age
37:22 Padded Archer Armor
38:20 Leather Archer Armor
38:29 Hand Cart
38:00 Town Watch
38:47 Ballistics
38:42 Elite Elephant Archer
39:24 Bracer
40:39 Chemistry
41:05 Gold Shaft Mining
39:53 Pikeman
40:33 Squires
41:02 Conscription
43:10 Paiks
43:24 Siege Elephant
45:31 Forging
45:27 Scale Barding Armor
47:41 Ring Archer Armor
49:19 Elite Skirmisher
52:07 Siege Engineers
51:42 Treadmill Crane
55:53 Bloodlines
55:51 Husbandry
55:42 Light Cavalry
57:05 Chain Barding Armor
57:21 Iron Casting
63:55 Guilds
66:52 Caravan
71:45 Plate Barding Armor
73:38 Blast Furnace
iFxrY
5:24 Loom
16:40 Feudal Age
17:30 Double-Bit Axe
20:09 Castle Age
17:56 Fishing Lines
18:49 Forging
19:38 Gold Mining
20:49 Scale Barding Armor
20:16 Light Cavalry
21:41 Bow Saw
22:55 Medium Warships
23:04 Stone Mining
24:13 Iron Casting
25:00 Wheelbarrow
24:44 Town Watch
25:57 Fletching
26:55 Hand Cart
27:30 Clinker Construction
27:21 Treadmill Crane
28:58 Town Patrol
29:08 Stronghold
29:37 Horse Collar
30:41 Gillnets
31:30 Scale Mail Armor
34:52 Imperial Age
32:39 Murder Holes
35:55 Conscription
36:27 Chain Mail Armor
35:52 Pikeman
37:11 Halberdier
38:29 Plate Mail Armor
38:07 Heavy Plow
40:06 Blast Furnace
40:20 Capped Ram
42:10 Onager
44:13 Chemistry
44:21 Masonry
44:19 Siege Engineers
45:25 Siege Onager
49:50 Furor Celtica
50:10 Bodkin Arrow
52:30 Siege Ram
66:17 Caravan
69:42 Arson
[InsecT] ScoTherroR
8:14 Loom
13:52 Feudal Age
14:29 Double-Bit Axe
15:41 Fletching
20:25 Padded Archer Armor
26:21 Horse Collar
31:42 Wheelbarrow
37:02 Castle Age
37:44 Stone Mining
38:41 Bow Saw
38:31 Heavy Plow
40:21 Fishing Lines
41:16 Hand Cart
43:39 Bodkin Arrow
45:30 Leather Archer Armor
48:09 Gold Mining
50:54 Ballistics
50:46 Thumb Ring
54:16 Imperial Age
54:08 Masonry
53:39 Treadmill Crane
54:37 Elite Genoese Crossbowman
56:00 Bracer
57:07 Chemistry
57:55 Conscription
58:09 Architecture
58:41 Two-Man Saw
59:49 Ring Archer Armor
59:37 Caravan
67:35 Scale Barding Armor
67:41 Forging
68:16 Coinage
67:56 Guilds
74:25 Capped Ram
75:17 Crossbowman
75:19 Elite Skirmisher
76:23 Chain Barding Armor
76:39 Iron Casting
Honda
9:41 Loom
12:47 Feudal Age
17:16 Castle Age
16:00 Padded Archer Armor
16:35 Double-Bit Axe
18:12 Bow Saw
18:19 Leather Archer Armor
34:14 Imperial Age
33:13 Husbandry
33:26 Bloodlines
35:53 Ring Archer Armor
35:58 Ballistics
37:25 Chemistry
36:56 Stone Mining
36:56 Gold Mining
37:45 Elite Conquistador
42:59 Conscription
43:43 Ballistics
44:47 Wheelbarrow
45:44 Inquisition
46:06 Masonry
54:29 Two-Man Saw
54:32 Horse Collar
55:09 Caravan
56:45 Hand Cart
58:05 Coinage
58:12 Architecture
60:28 Banking
61:15 Town Watch
62:28 Supremacy
63:14 Town Patrol
63:25 Fletching
64:31 Guilds
69:04 Scale Barding Armor
69:10 Forging
69:05 Cavalier
70:32 Chain Barding Armor
70:13 Paladin
73:25 Plate Barding Armor
73:26 Iron Casting
78:37 Blast Furnace
lazypig
4:25 Loom
13:58 Feudal Age
14:31 Double-Bit Axe
17:46 Fishing Lines
22:20 Castle Age
20:45 Gold Mining
20:36 Horse Collar
21:35 Stone Mining
22:52 Wheelbarrow
23:16 Bow Saw
22:58 Gillnets
23:10 Fletching
23:44 Heavy Plow
25:13 Stone Shaft Mining
25:44 Town Watch
29:01 Bodkin Arrow
30:24 Padded Archer Armor
30:49 Hand Cart
32:05 Ballistics
32:14 Leather Archer Armor
35:52 Imperial Age
34:31 Treadmill Crane
35:07 Chatras
36:04 Thumb Ring
37:37 Chemistry
36:40 Bracer
37:51 Ring Archer Armor
39:00 Paper Money
39:29 Elite Rattan Archer
43:13 Scale Barding Armor
43:18 Forging
43:14 Elite Battle Elephant
44:05 Bloodlines
43:55 Husbandry
44:54 Chain Barding Armor
45:36 Iron Casting
47:22 Plate Barding Armor
51:07 Light Cavalry
52:00 Elite Skirmisher
54:06 Imperial Skirmisher
55:06 Caravan
57:45 Two-Man Saw
60:09 Siege Engineers
61:06 Capped Ram
62:50 Guilds
62:58 Guilds
65:22 Hoardings
70:03 Coinage
74:32 Banking
75:15 Heavy Cavalry Archer
Connection lost

Rejoining the realm…

Still unreachable

The connection could not be restored.

Session expired

The server has moved on; the page needs a fresh start.